 Dungeon Crawl Stone Soup version 0.29-a0-575-g0dc89cf053 (webtiles) character file.

Game seed: 9694447612183671580

97 KristoblXynda the Slasher (level 4, 0/38 HPs)
             Began as a Draconian Gladiator on June 13, 2022.
             Slain by a gnoll
             ... wielding a +0 whip
              (5 damage)
             ... on level 3 of the Dungeon.
             The game lasted 00:01:42 (2997 turns).

KristoblXynda the Slasher (Draconian Gladiator)     Turns: 2997, Time: 00:01:42

Health: 0/38       AC:  5    Str: 16    XL:     4   Next: 42%
Magic:  4/4        EV: 13    Int: 10    God:
Gold:   181        SH:  0    Dex: 13    Spells: 3/3 levels left

rFire   . . .      SeeInvis .   k - +1 dagger (venom)
rCold   . . .      Faith    .   (no shield)
rNeg    . . .      Spirit   .   (body armour unavailable)
rPois   .          Reflect  .   b - +0 hat
rElec   .          Harm     .   l - scarf {shadows}
rCorr   .          Rampage  .   (no gloves)
Will    .....                   (no boots)
Stlth   +.........              (no amulet)
HPRegen 0.12/turn               (no ring)
MPRegen 0.09/turn               (no ring)

@: no status effects
A: AC +5, unfitting armour, cold-blooded
a: no special abilities


You were on level 3 of the Dungeon.
You visited 1 branch of the dungeon, and saw 3 of its levels.

You collected 181 gold pieces.

Inventory:

Hand Weapons
 a - a +0 long sword
 k - a +1 dagger of venom (weapon)
Missiles
 c - 3 throwing nets (quivered)
 d - a javelin
Armour
 b - a +0 hat (worn)
 l - a scarf of shadows (worn)
Jewellery
 h - a ring of poison resistance
Scrolls
 i - a scroll of amnesia {unknown}
 m - a scroll of poison {unknown}
 n - 2 scrolls of identify {unknown}
 o - a scroll of teleportation {unknown}
 p - a scroll of blinking {unknown}
 q - a scroll of fog {unknown}
Potions
 e - 3 potions of heal wounds {unknown}
 f - a potion of flight {unknown}
 g - 2 potions of curing {unknown}
 j - 3 potions of berserk rage
 r - a potion of cancellation {unknown}


   Skills:
 + Level 3.1 Fighting
 * Level 4.1 Long Blades
 - Level 2.0 Throwing
 + Level 3.3 Dodging


You had 3 spell levels left.
You didn't know any spells.
Your spell library contained the following spells:

 Spells                   Type           Power      Damage    Failure   Level
 Ignite Poison            Fire/Tmut/Pois 0%         N/A       75%         3
 Mephitic Cloud           Conj/Pois/Air  0%         N/A       75%         3
 Blade Hands              Tmut           0%         N/A       100%        5
 Freezing Cloud           Conj/Ice/Air   0%         6-21      100%        5
 Iron Shot                Conj/Erth      0%         9d1       100%        6
 Animate Armour           Summ/Erth      Unusable   N/A       N/A         4

Dungeon Overview and Level Annotations

Branches:
Dungeon (3/15)

Altars:
Fedhas
Hepliaklqana


Innate Abilities, Weirdness & Mutations

Your plain brown scales are hard. (AC +5)
You cannot fit into any form of body armour.
You are cold-blooded and may be slowed by cold attacks.


Message History

The gnoll is severely wounded.
The gnoll barely misses you. The gnoll completely misses you.
You hit the gnoll.
The gnoll is lightly wounded.
The gnoll closely misses you. The gnoll completely misses you.
The gnoll hits you with a +0 halberd.
You hit the gnoll but do no damage.
The gnoll is poisoned.
The gnoll is lightly wounded.
You kill the gnoll!
The gnoll closely misses you. The gnoll barely misses you.
You hit the gnoll.
The gnoll is heavily wounded.
The gnoll closely misses you. The gnoll misses you.
You hit the gnoll but do no damage.
The gnoll looks as sick as possible!
The gnoll is heavily wounded.
The gnoll misses you.
The gnoll hits you with a +0 vorpal flail!
You hit the gnoll.
The gnoll looks as sick as possible!
The gnoll is almost dead.
You kill the gnoll!
The gnoll completely misses you.
You closely miss the gnoll. The gnoll closely misses you.
You hit the gnoll but do no damage.
You tail-slap the gnoll, but do no damage.
You hit the gnoll.
The gnoll is lightly wounded.
The gnoll barely misses you.
The gnoll hits you with a +4 halberd of protection!
You hit the gnoll but do no damage.
The gnoll is lightly wounded.
The gnoll hits you but does no damage.
The gnoll hits you with a +4 halberd of protection!
* * * LOW HITPOINT WARNING * * *
The gnoll hits you from afar with a +4 halberd of protection.
* * * LOW HITPOINT WARNING * * *
There is a stone staircase leading down here.
The gnoll attacks as you move away! The gnoll closely misses you.
The gnoll attacks as you move away! The gnoll barely misses you.
The gnoll attacks as you move away! The gnoll hits you with a +0 whip.
You die...

............###..#
#.#.#.###.#...#..#
#.#.#.#.#...#.#..#.### ## .
#.#.#............... .. #
#.#.....<...#..#.... #.
#.####.############# # #.#
#...........g..######.#######..
#.))..>......g.................
##.##....#####@##.......#####..
... #..|.#####'##.###..........
#............##.....##..........#
+..#########..#.....##.#........#
#.. .... #..............#####.#
#..#.......#.##....#####..# #.#
#..#. .....#.###..........#####.#
#..^ ._...^)###########.........
#..# .....#...............####.#


You could see 2 gnolls.

Vanquished Creatures
  2 gnolls (D:3)
  2 adders
  A worm (D:2)
  A dart slug (D:2)
  4 orcs (D:2)
  A ball python (D:1)
  4 endoplasms
  7 goblins
  5 hobgoblins
  4 jackals (D:3)
  4 kobolds
  A quokka (D:2)
  3 bats (D:1)
  4 frilled lizards
  3 rats (D:1)
46 creatures vanquished.

Notes
Turn   | Place    | Note
-------+----------+-------------------------------------------
     0 | D:1      | KristoblXynda the Draconian Gladiator began the quest for
                  | the Orb.
     0 | D:1      | Reached XP level 1. HP: 17/17 MP: 1/1
   241 | D:1      | Reached XP level 2. HP: 25/25 MP: 2/2
   995 | D:2      | Found a faded altar of an unknown god.
  1434 | D:2      | Reached XP level 3. HP: 25/30 MP: 3/3
  1509 | D:2      | Found a blossoming altar of Fedhas.
  2737 | D:3      | Found a hazy altar of Hepliaklqana.
  2768 | D:3      | Reached XP level 4. HP: 38/38 MP: 4/4
  2900 | D:3      | Reached skill level 4 in Long Blades
  2997 | D:3      | Slain by a gnoll

Illustrated notes

Levels and vault maps discovered:
D:1:      grunt_arrival_crossed_arrows, layout_basic
D:2:      layout_basic, basic_altar, chequers_ecumenical_altar_simple
D:3:      layout_basic, lemuel_tele_altar, serial_shops, shop

Skill      XL: |  1  2  3  4 |
---------------+-------------+-----
Throwing       | 2 |  2.0
Dodging        | 3 |  3.3
Fighting       | 3 |  3.1
Long Blades    | 4 |  4.1

Action                   |  1- 3 |  4- 6 || total
-------------------------+-------+-------++-------
Melee: Long sword        |    47 |       ||    47
       Tailslap          |     5 |     2 ||     7
       Punch             |     1 |       ||     1
       Dagger            |    79 |    20 ||    99
 Stab: Sleeping          |     1 |       ||     1
Armor: Skin              |    31 |     2 ||    33
Dodge: Dodged            |    78 |    23 ||   101

Table legend: (Time is in decaauts)
 A = Elapsed time spent in this place.
 B = Non-inter-level travel time spent in this place.
 C = Inter-level travel time spent in this place.
 D = Time resting spent in this place.
 E = Time spent auto-exploring this place.
 F = Levels seen in this place.
 G = Mean time per level.
                   A        B        C        D        E       F      G
               +--------+--------+--------+--------+--------+-----+--------+
         Total |   3003 |   2954 |     49 |    674 |   1914 |   3 | 1001.0 |
       Dungeon |   3003 |   2954 |     49 |    674 |   1914 |   3 | 1001.0 |
               +--------+--------+--------+--------+--------+-----+--------+

Top non-repeatable levels by time:
     D:2: 1457 daAuts
     D:1: 998 daAuts
     D:3: 547 daAuts
